 Dungeon Crawl Stone Soup version 0.19-a0-1223-gf83d13a (webtiles) character file.

702 dobroeutro the Cleaver (level 7, -1/52 HPs)
             Began as a Formicid Fighter on Aug 24, 2016.
             Slain by Edmund
             ... wielding a +3 dire flail of holy wrath
              (3 damage)
             ... on level 5 of the Dungeon.
             The game lasted 00:05:03 (2468 turns).

dobroeutro the Cleaver (Formicid Fighter)           Turns: 2468, Time: 00:05:03

Health: -1/52      AC:  6    Str: 25    XL:     7   Next: 98%
Magic:  7/7        EV:  8    Int:  8    God:
Gold:   196        SH:  9    Dex: 10    Spells: 0 memorised, 6 levels left

rFire  . . .     SeeInvis +     a - +0 war axe
rCold  . . .     Gourm    .     b - +0 scale mail
rNeg   + . .     Faith    .     c - +0 shield
rPois  .         Spirit   .     (helmet unavailable)
rElec  .         Dismiss  .     (no cloak)
rCorr  .         Reflect  .     (no gloves)
MR     .....     Harm     .     (no boots)
Stlth  ..........               (no amulet)
                                y - ring of positive energy
                                m - +3 ring of strength

@: no status effects
A: permanent stasis, dig shafts and tunnels, four strong arms, antennae 3
a: Dig, Shaft Self


You were on level 5 of the Dungeon.
You were very hungry.

You visited 1 branch of the dungeon, and saw 5 of its levels.

You collected 196 gold pieces.

Inventory:

Hand Weapons
 a - a +0 war axe (weapon)
Armour
 b - a +0 scale mail (worn)
 c - a +0 shield (worn)
Jewellery
 m - a +3 ring of strength (left hand)
 x - an uncursed ring of wizardry
 y - a ring of positive energy (right hand)
Wands
 B - a wand of iceblast (5/15)
Scrolls
 e - a scroll of enchant weapon {unknown}
 h - 5 scrolls of remove curse
 k - a scroll of noise {unknown}
 l - a scroll of amnesia {unknown}
 n - a scroll of immolation {unknown}
 o - 2 scrolls of random uselessness {unknown}
 s - 3 scrolls of teleportation {unknown}
 z - a scroll of enchant armour {unknown}
Potions
 d - a potion of might
 g - a potion of agility
 j - a potion of flight {unknown}
 r - a potion of mutation {unknown}
 t - a potion of curing
 u - 2 potions of heal wounds
 v - 2 potions of lignification {unknown}
 w - a potion of magic {unknown}
 A - a potion of cancellation {unknown}
Comestibles
 f - 4 bread rations
 i - 3 beef jerkies
 p - 5 fruits
 q - a slice of pizza


   Skills:
 - Level 3.2 Fighting
 + Level 8.4 Axes
 - Level 3.2 Armour
 - Level 3.6 Shields


You had 6 spell levels left.
You didn't know any spells.

Dungeon Overview and Level Annotations

Branches:
Dungeon (5/15)
 Temple: D:4-7

Altars:
Fedhas
Gozag
Qazlal
Sif Muna

Annotations:
D:5 Edmund


Innate Abilities, Weirdness & Mutations

You are under a permanent stasis effect.
You can dig through walls and to a lower floor.
Your four strong arms can wield two-handed weapons with a shield.
You have a pair of large antennae on your head. (SInv)


Message History

Edmund is lightly wounded.
Edmund barely misses you.
You slash Edmund!
Edmund is heavily wounded.
Edmund hits you with a dire flail of holy wrath!
You slash Edmund!
Edmund is severely wounded.
Edmund hits you with a dire flail of holy wrath.
* * * LOW HITPOINT WARNING * * *
You are too injured to fight recklessly!
You are too injured to fight recklessly!
You closely miss Edmund.
Edmund is severely wounded.
Edmund drinks a potion.
Edmund is healed!
Edmund hits you with a dire flail of holy wrath!
* * * LOW HITPOINT WARNING * * *
You hit Edmund but do no damage.
Edmund is heavily wounded.
Edmund hits you with a dire flail of holy wrath.
You die...

#. ### #.. ....
#.. .....
#.#+###.....
#.#>........
#.#..@......
+.#.@.......
#....#......
#.####......
#.###......#####
#.....######
#####.###
#..#...#
#..###.# #.<#
#.#


You could see Edmund.

Vanquished Creatures
  Pikel (D:4)
  A scorpion (D:4)
  A worker ant (D:4)
  3 gnolls (D:4)
  5 adders
  2 worms (D:2)
  2 dart slugs
  2 giant geckos
  12 orcs
  6 bats
  2 giant cockroaches
  5 goblins
  3 hobgoblins
  4 jackals
  4 kobolds
  2 quokkas
  2 ball pythons (D:1)
  5 giant newts
  A jackal zombie (D:3)
  5 rats
68 creatures vanquished.

Notes
Turn   | Place    | Note
-------+----------+-------------------------------------------
     0 | D:1      | dobroeutro the Formicid Fighter began the quest for the Orb.
     0 | D:1      | Reached XP level 1. HP: 18/18 MP: 1/1
   166 | D:1      | Reached XP level 2. HP: 24/24 MP: 2/2
   446 | D:1      | Reached skill level 3 in Axes
   528 | D:2      | Reached XP level 3. HP: 25/29 MP: 3/3
   615 | D:2      | Found a blossoming altar of Fedhas.
   616 | D:2      | Found a stormy altar of Qazlal.
   719 | D:2      | Reached XP level 4. HP: 25/35 MP: 4/4
   732 | D:2      | Reached skill level 4 in Axes
  1118 | D:3      | Found a deep blue altar of Sif Muna.
  1242 | D:3      | Found an opulent altar of Gozag.
  1250 | D:3      | Reached XP level 5. HP: 39/41 MP: 5/5
  1333 | D:3      | Reached skill level 5 in Axes
  1737 | D:4      | Reached XP level 6. HP: 42/47 MP: 6/6
  1754 | D:4      | Noticed a slave
  1757 | D:4      | Noticed Pikel
  1757 | D:4      | Noticed a slave
  1758 | D:4      | Noticed a slave
  1779 | D:4      | Noticed a slave
  1902 | D:4      | Reached skill level 6 in Axes
  2432 | D:4      | Killed Pikel
  2432 | D:4      | Reached skill level 8 in Axes
  2432 | D:4      | Reached XP level 7. HP: 37/52 MP: 7/7
  2439 | D:5      | Entered Level 5 of the Dungeon
  2456 | D:5      | Noticed Edmund
  2467 | D:5      | HP: 2/52 [Edmund/dire flail of holy wrath (12)]
  2468 | D:5      | Slain by Edmund

Vault maps used:
D:1:      scummos_arrival_simple_crosswalls, minivault_5
D:2:      grunt_temple_overflow_forces_of_nature, first_bread
D:3:      lemuel_round_altar, overflow_temple_1_default
D:4:      uniq_pikel
D:5:      kennysheep_little_box, kennysheep_okawaru_gauntlet, uniq_edmund

Skill      XL: |  1  2  3  4  5  6 |
---------------+-------------------+-----
Axes           | 3 4 5 8 |  8.4
Fighting       | |  3.2
Armour         | |  3.2
Shields        | |  3.6

Action                   |  1- 3 |  4- 6 |  7- 9 || total
-------------------------+-------+-------+-------++-------
Melee: War axe           |    77 |   157 |    13 ||   247
  Use: Scroll            |       |     3 |       ||     3
  Eat: Chunk             |       |     4 |       ||     4
Armor: Scale mail        |    56 |    58 |       ||   114
Dodge: Dodged            |    35 |    44 |     2 ||    81
Block: Shield            |    56 |    84 |     2 ||   142
